Unix NetHack Version 3.7.0-66 Work-in-progress - last build Nov 6 2022 15:58:05 (41522215133c5c68cd37dc5926fcc84d625ae6c5,branch:master).

Game began 2022-11-23 15:39:17, ended 2022-11-23 16:20:51.

wbn, chaotic male elven Ranger

  
stone
stone
stone
stone
stone
stone
stone
stone
stone
stone
stone
stone
stone
stone
stone
stone
stone
stone
stone
stone
stone
stone
stone
stone
stone
stone
stone
stone
stone
stone
stone
stone
stone
stone
stone
stone
stone
stone
stone
stone
stone
stone
stone
stone
stone
stone
stone
stone
stone
stone
stone
stone
stone
stone
stone
stone
stone
stone
stone
stone
stone
stone
stone
stone
stone
stone
stone
stone
stone
stone
stone
stone
stone
stone
stone
stone
stone
stone
stone
stone
stone
stone
stone
stone
stone
stone
stone
stone
stone
stone
stone
stone
stone
stone
stone
stone
stone
stone
stone
stone
stone
stone
stone
stone
stone
stone
stone
stone
stone
stone
stone
stone
stone
stone
stone
stone
stone
stone
stone
stone
stone
stone
stone
stone
stone
stone
stone
stone
stone
stone
stone
stone
stone
stone
stone
stone
stone
stone
stone
stone
stone
stone
stone
stone
stone
stone
stone
stone
stone
stone
stone
stone
stone
stone
stone
stone
stone
stone
stone
stone
stone
stone
stone
stone
stone
stone
stone
stone
stone
stone
stone
stone
stone
stone
stone
stone
stone
stone
stone
stone
stone
stone
stone
stone
stone
stone
stone
stone
stone
stone
stone
stone
stone
stone
stone
stone
stone
stone
stone
stone
stone
stone
stone
stone
stone
stone
stone
stone
stone
stone
stone
stone
stone
stone
stone
stone
stone
stone
stone
stone
stone
stone
stone
stone
stone
stone
stone
stone
stone
stone
stone
stone
stone
stone
stone
stone
stone
stone
stone
stone
stone
stone
stone
stone
stone
stone
stone
stone
stone
stone
stone
stone
stone
stone
stone
stone
stone
stone
stone
stone
stone
stone
stone
stone
stone
stone
stone
stone
stone
stone
stone
stone
stone
stone
stone
stone
stone
stone
stone
stone
stone
stone
stone
stone
stone
stone
stone
stone
stone
stone
stone
stone
stone
stone
stone
stone
stone
stone
stone
stone
stone
stone
stone
stone
stone
stone
stone
stone
stone
stone
stone
stone
stone
stone
stone
stone
stone
stone
stone
stone
stone
stone
stone
stone
stone
stone
stone
stone
stone
stone
stone
stone
stone
stone
stone
stone
stone
stone
stone
stone
stone
stone
stone
stone
stone
stone
stone
stone
stone
stone
stone
stone
stone
stone
stone
stone
stone
stone
stone
stone
stone
stone
stone
stone
stone
stone
stone
stone
stone
stone
stone
stone
stone
stone
stone
stone
stone
stone
stone
stone
stone
stone
stone
stone
stone
stone
stone
stone
stone
stone
stone
stone
stone
stone
stone
stone
stone
stone
stone
stone
stone
stone
stone
stone
stone
stone
stone
stone
stone
stone
stone
stone
stone
stone
stone
stone
stone
stone
stone
stone
stone
stone
stone
stone
stone
stone
stone
wall
wall
wall
wall
wall
wall
stone
stone
wall
wall
wall
wall
wall
stone
stone
stone
stone
stone
stone
stone
stone
stone
stone
stone
stone
stone
stone
stone
stone
stone
stone
stone
stone
stone
stone
stone
stone
stone
stone
stone
stone
stone
stone
stone
stone
stone
stone
stone
stone
stone
stone
stone
stone
stone
stone
stone
stone
stone
stone
stone
stone
stone
stone
stone
stone
stone
stone
stone
stone
stone
stone
stone
stone
stone
stone
stone
stone
stone
stone
wall
.floor of a room
.floor of a room
.floor of a room
.floor of a room
wall
stone
stone
wall
.dark part of a room
.dark part of a room
.dark part of a room
wall
stone
stone
stone
stone
stone
stone
stone
stone
stone
stone
stone
stone
stone
stone
stone
stone
stone
stone
stone
stone
stone
stone
stone
stone
stone
stone
stone
stone
stone
stone
stone
stone
stone
stone
stone
stone
stone
stone
stone
stone
stone
stone
stone
stone
stone
stone
stone
stone
stone
stone
stone
stone
stone
stone
stone
stone
stone
stone
stone
stone
stone
stone
stone
stone
stone
stone
wall
.dark part of a room
`a boulder
.floor of a room
uwhite unicorn
wall
wall
wall
wall
.dark part of a room
.dark part of a room
.dark part of a room
wall
stone
stone
stone
stone
stone
stone
stone
stone
stone
stone
stone
stone
stone
stone
stone
stone
stone
stone
stone
stone
stone
stone
stone
stone
stone
stone
stone
stone
stone
stone
stone
stone
stone
stone
stone
stone
stone
stone
stone
stone
stone
stone
stone
stone
stone
stone
stone
stone
stone
stone
stone
stone
stone
stone
stone
stone
stone
stone
stone
stone
stone
stone
stone
stone
stone
stone
wall
.dark part of a room
`a boulder
`a boulder
.floor of a room
@elven ranger called wbn
dtame dog called Sherry
.floor of a room
.floor of a room
.floor of a room
.floor of a room
.floor of a room
wall
stone
stone
stone
stone
stone
stone
stone
stone
stone
stone
stone
stone
stone
stone
stone
stone
stone
stone
stone
stone
stone
stone
stone
stone
stone
stone
stone
stone
stone
stone
stone
stone
stone
stone
stone
stone
stone
stone
stone
stone
stone
stone
stone
stone
stone
stone
stone
stone
stone
stone
stone
stone
stone
stone
stone
stone
stone
stone
stone
stone
stone
stone
stone
stone
stone
stone
wall
.dark part of a room
.dark part of a room
wall
wall
wall
>branch staircase down
wall
wall
wall
.dark part of a room
.dark part of a room
wall
stone
stone
stone
stone
stone
stone
stone
stone
stone
stone
stone
stone
stone
stone
stone
stone
stone
stone
stone
stone
stone
stone
stone
stone
stone
stone
stone
stone
stone
stone
stone
stone
stone
stone
stone
stone
stone
stone
stone
stone
stone
stone
stone
stone
stone
stone
stone
stone
stone
stone
stone
stone
stone
stone
stone
stone
stone
stone
stone
stone
stone
stone
stone
stone
stone
stone
wall
wall
wall
wall
wall
wall
wall
wall
wall
wall
.dark part of a room
wall
wall
wall
stone
stone
stone
stone
stone
stone
stone
stone
stone
stone
stone
stone
stone
stone
stone
stone
stone
stone
stone
stone
stone
stone
stone
stone
stone
stone
stone
stone
stone
stone
stone
stone
stone
stone
stone
stone
stone
stone
stone
stone
stone
stone
stone
stone
stone
stone
stone
stone
stone
stone
stone
stone
stone
stone
stone
stone
stone
stone
stone
stone
stone
stone
stone
stone
stone
wall
.dark part of a room
.dark part of a room
.dark part of a room
^pit
^pit
<staircase up
wall
.dark part of a room
.dark part of a room
.dark part of a room
.dark part of a room
.dark part of a room
wall
stone
stone
stone
stone
stone
stone
stone
stone
stone
stone
stone
stone
stone
stone
stone
stone
stone
stone
stone
stone
stone
stone
stone
stone
stone
stone
stone
stone
stone
stone
stone
stone
stone
stone
stone
stone
stone
stone
stone
stone
stone
stone
stone
stone
stone
stone
stone
stone
stone
stone
stone
stone
stone
stone
stone
stone
stone
stone
stone
stone
stone
stone
stone
stone
stone
wall
.dark part of a room
=an emerald ring
wall
wall
wall
wall
wall
.dark part of a room
.dark part of a room
.dark part of a room
.dark part of a room
.dark part of a room
wall
stone
stone
stone
stone
stone
stone
stone
stone
stone
stone
stone
stone
stone
stone
stone
stone
stone
stone
stone
stone
stone
stone
stone
stone
stone
stone
stone
stone
stone
stone
stone
stone
stone
stone
stone
stone
stone
stone
stone
stone
stone
stone
stone
stone
stone
stone
stone
stone
stone
stone
stone
stone
stone
stone
stone
stone
stone
stone
stone
stone
stone
stone
stone
stone
stone
wall
wall
/a zinc wand
wall
stone
stone
stone
wall
.dark part of a room
.dark part of a room
.dark part of a room
.dark part of a room
.dark part of a room
wall
stone
stone
stone
stone
stone
stone
stone
stone
stone
stone
stone
stone
stone
stone
stone
stone
stone
stone
stone
stone
stone
stone
stone
stone
stone
stone
stone
stone
stone
stone
stone
stone
stone
stone
stone
stone
stone
stone
stone
stone
stone
stone
stone
stone
stone
stone
stone
stone
stone
stone
stone
stone
stone
stone
stone
stone
stone
stone
stone
stone
stone
stone
stone
stone
stone
stone
wall
.dark part of a room
wall
wall
wall
wall
wall
.dark part of a room
.dark part of a room
.dark part of a room
.dark part of a room
.dark part of a room
wall
stone
stone
stone
stone
stone
stone
stone
stone
stone
stone
stone
stone
stone
stone
stone
stone
stone
stone
stone
stone
stone
stone
stone
stone
stone
stone
stone
stone
stone
stone
stone
stone
stone
stone
stone
stone
stone
stone
stone
stone
stone
stone
stone
stone
stone
stone
stone
stone
stone
stone
stone
stone
stone
stone
stone
stone
stone
stone
stone
stone
stone
stone
stone
stone
stone
stone
wall
.dark part of a room
.dark part of a room
.dark part of a room
.dark part of a room
.dark part of a room
.dark part of a room
.dark part of a room
.dark part of a room
.dark part of a room
.dark part of a room
.dark part of a room
wall
stone
stone
stone
stone
stone
stone
stone
stone
stone
stone
stone
stone
stone
stone
stone
stone
stone
stone
stone
stone
stone
stone
stone
stone
stone
stone
stone
stone
stone
stone
stone
stone
stone
stone
stone
stone
stone
stone
stone
stone
stone
stone
stone
stone
stone
stone
stone
stone
stone
stone
stone
stone
stone
stone
stone
stone
stone
stone
stone
stone
stone
stone
stone
stone
stone
stone
wall
.dark part of a room
.dark part of a room
wall
wall
wall
wall
wall
wall
wall
wall
wall
wall
stone
stone
stone
stone
stone
stone
stone
stone
stone
stone
stone
stone
stone
stone
stone
stone
stone
stone
stone
stone
stone
stone
stone
stone
stone
stone
stone
stone
stone
stone
stone
stone
stone
stone
stone
stone
stone
stone
stone
stone
stone
stone
stone
stone
stone
stone
stone
stone
stone
stone
stone
stone
stone
stone
stone
stone
stone
stone
stone
stone
stone
stone
stone
stone
stone
stone
wall
wall
wall
wall
stone
stone
stone
stone
stone
stone
stone
stone
stone
stone
stone
stone
stone
stone
stone
stone
stone
stone
stone
stone
stone
stone
stone
stone
stone
stone
stone
stone
stone
stone
stone
stone
stone
stone
stone
stone
stone
stone
stone
stone
stone
stone
stone
stone
stone
stone
stone
stone
stone
stone
stone
stone
stone
stone
stone
stone
stone
stone
stone
stone
stone
stone
stone
stone
stone
stone
stone
stone
stone
stone
stone
stone
stone
stone
stone
stone
stone
stone
stone
stone
stone
stone
stone
stone
stone
stone
stone
stone
stone
stone
stone
stone
stone
stone
stone
stone
stone
stone
stone
stone
stone
stone
stone
stone
stone
stone
stone
stone
stone
stone
stone
stone
stone
stone
stone
stone
stone
stone
stone
stone
stone
stone
stone
stone
stone
stone
stone
stone
stone
stone
stone
stone
stone
stone
stone
stone
stone
stone
stone
stone
stone
stone
stone
stone
stone
stone
stone
stone
stone
stone
stone
stone
stone
stone
stone
stone
stone
stone
stone
stone
stone
stone
stone
stone
stone
stone
stone
stone
stone
stone
stone
stone
stone
stone
stone
stone
stone
stone
stone
stone
stone
stone
stone
stone
stone
stone
stone
stone
stone
stone
stone
stone
stone
stone
stone
stone
stone
stone
stone
stone
stone
stone
stone
stone
stone
stone
stone
stone
stone
stone
stone
stone
stone
stone
stone
stone
stone
stone
stone
stone
stone
stone
stone
stone
stone
stone
stone
stone
stone
stone
stone
stone
stone
stone
stone
stone
stone
stone
stone
stone
stone
stone
stone
stone
stone
stone
stone
stone
stone
stone
stone
stone
stone
stone
stone
stone
stone
stone
stone
stone
stone
stone
stone
stone
stone
stone
stone
stone
stone
stone
stone
stone
stone
stone
stone
stone
stone
stone
stone
Wbn the Lookout St:16 Dx:12 Co:15 In:13 Wi:13 Ch:8 Chaotic S:1084 Dlvl:5 $:66 HP:0(40) Pw:30(30) AC:7 Xp:5/192 T:1583 Satiated

Latest messages:

Are you waiting to get hit? Use 'm' prefix to force a no-op (to rest).
In what direction? k
You shoot 3 elven arrows.
The 1st elven arrow misses the white unicorn.
The 2nd elven arrow misses the white unicorn.
The 3rd elven arrow hits the white unicorn!
In what direction? y
You shoot 2 elven arrows.
The 1st elven arrow hits the white unicorn!
The 2nd elven arrow misses the white unicorn.
The white unicorn butts!
The white unicorn kicks!
The white unicorn butts!
The white unicorn kicks!
In what direction? y
The elven arrow misses the white unicorn.
The white unicorn butts!
The white unicorn kicks!
The white unicorn butts!
The white unicorn kicks!
What do you want to eat? [fntw or ?*] ?
Blecch! Rotten food!
You finish eating the food ration.
You hear some noises.
Sherry misses the leprechaun.
You see here 2 +2 elven arrows.
You swap places with Sherry.
A mysterious force prevents the white unicorn from teleporting!
You swap places with Sherry.
Sherry misses it.
You hear some noises.
You hear some noises in the distance.
You swap places with Sherry.
In what direction? h
You shoot 3 elven arrows.
The 1st elven arrow hits the goblin!
You kill the goblin!
c - a +2 elven arrow (in quiver) (29 in total).
A - 5 elven arrows.
The white unicorn butts!
The white unicorn kicks!
Sherry eats a goblin corpse.
The white unicorn butts!
The white unicorn kicks!
You die...
Do you want your possessions identified? [ynq] (y) y
Do you want to see your attributes? [ynq] (y) y
Do you want an account of creatures vanquished? [ynaq] (y) y
Do you want to see your conduct and achievements? [ynq] (y) y
Do you want to see the dungeon overview? [ynq] (y) y

Inventory:

Coins

$ - 66 gold pieces

Weapons

c - 29 +2 elven arrows (in quiver)
A - 5 +2 elven arrows
d - 39 +0 elven arrows
b - a +1 elven bow (weapon in hand)
o - a blessed +1 elven dagger
a - a +1 elven dagger (alternate weapon; not wielded)
h - a +0 scimitar

Armor

e - an uncursed +2 elven cloak (being worn)

Comestibles

w - an uncursed cream pie
t - 2 uncursed food rations
f - 5 uncursed lembas wafers
n - an uncursed lichen corpse

Scrolls

y - a blessed scroll of earth
x - an uncursed scroll of earth
q - a cursed scroll of enchant weapon
r - an uncursed scroll of magic mapping

Spellbooks

u - an uncursed spellbook of create monster
l - an uncursed spellbook of identify

Potions

m - an uncursed potion of enlightenment
g - an uncursed potion of monster detection
v - an uncursed potion of object detection

Wbn the Ranger's attributes:


Background:

You were a Lookout, a level 5 male elven Ranger.
You were chaotic, nominally on a mission for Mars
who was opposed by Mercury (lawful) and Venus (neutral).
You were in Sokoban, on level 5.
You entered the dungeon 1583 turns ago.
There was a new moon in effect when your adventure ended.
You had 192 experience points, 128 more were needed to attain level 6.
Your score was 1084 before end-of-game adjustments.

Basics:

You had 0 out of 40 hit points.
You had all 30 energy points (spell power).
Your armor class was 7.
Your wallet contained 66 zorkmids.
Autopickup was off.

Final Characteristics:

Your strength was 16 (limit:18).
Your dexterity was 12 (limit:18).
Your constitution was 15 (limit:16).
Your intelligence was 13 (limit:20).
Your wisdom was 13 (limit:20).
Your charisma was 8 (limit:18).

Final Status:

You were satiated.
You were unencumbered.
You were wielding a bow.
You had basic skill with bow.

Final Attributes:

You were devoutly aligned.
You were sleep resistant.
You had automatic searching.
You had infravision.
You were stealthy.
You were warded.
You are dead.

Miscellaneous:
You never encountered a bones level.
Total elapsed playing time was 41 minutes and 33 seconds.

Major events:

Turn

1: wbn the chaotic male elven Ranger entered the dungeon
682: entered the Gnomish Mines
683: attained the rank of Lookout (level 3)
1287: entered Sokoban
1583: killed by a white unicorn

Vanquished creatures:

a small mimic
a gnome ruler
a rock mole
a fog cloud
a shrieker
a straw golem
a giant ant
a centipede
an iguana
2 coyotes
2 hobbits
a cave spider
a gnome zombie
2 geckos
3 jackals
a fox
a goblin
2 sewer rats
2 grid bugs
4 lichens
a kobold zombie
4 newts
35 creatures vanquished.
No species were genocided or became extinct.

Voluntary challenges:

You were vegetarian.
You were an atheist.
You were illiterate.
You never engraved Elbereth.
You never genocided any monsters.
You never polymorphed an object.
You never changed form.
You used no wishes.
You did not violate any of the special Sokoban rules.

Achievements:

You entered the Gnomish Mines.
You attained the rank of Lookout.
You entered a shop.
You entered Sokoban.

The Dungeons of Doom: levels 1 to 6

   Level 1:
Many altars, a fountain.
Level 2:
A fountain.
Level 3:
Stairs down to The Gnomish Mines.
Level 4:
A scroll shop.
Level 5:
Level 6:
A fountain.
Stairs up to Sokoban, level 5.

The Gnomish Mines:

   Level 4:

Sokoban:

   Level 5: <- You were here.
Unsolved.
Final resting place for
you, killed by a white unicorn.

Game over:

----------
/ \
/ REST \
/ IN \
/ PEACE \
/ \
| wbn |
| 66 Au |
| killed by a |
| white unicorn |
| |
| |
| 2022 |
*| * * * | *
_________)/\\_//(\/(/\)/\//\/|_)_______

Goodbye wbn the Ranger...


You died in Sokoban on dungeon level 5 with 1078 points,
and 66 pieces of gold, after 1583 moves.
You were level 5 with a maximum of 40 hit points when you died.